 Dungeon Crawl Stone Soup version 0.19-a0-36-g4a0968a (webtiles) character file.

190953 mrath the Geomancer (level 18, -3/112 HPs)
             Began as a Gargoyle Earth Elementalist on Mar 31, 2016.
             Was the Champion of Vehumet.
             Slain by a black mamba (12 damage)
             ... on level 1 of the Snake Pit on May 4, 2016.
             The game lasted 12:05:46 (67007 turns).

mrath the Geomancer (Gargoyle Earth Elementalist)  Turns: 67007, Time: 12:05:47

Health: -3/112     AC: 30    Str: 13    XL:     18   Next: 63%
Magic:  0/34       EV: 16    Int: 26    God:    Vehumet [******]
Gold:   2040       SH: 10    Dex: 10    Spells: 11 memorised, 2 levels left

rFire  . . .     SeeInvis +     U - +5 flail (crush)
rCold  . . .     Gourm    .     z - +2 robe {MR+}
rNeg   + . .     Faith    .     Y - +2 buckler
rPois  ∞         Spirit   .     b - +2 helmet
rElec  +         Dismiss  .     B - +2 cloak
rCorr  .         Reflect  +     J - +2 pair of gloves
SustAt .         Harm     .     e - +0 pair of boots
MR     +++..                    S - +3 amulet of reflection
Stlth  +++.......               A - ring of see invisible
                                I - ring of Eschaeh {MR+ Int+3 Stlth+}

@: about to teleport, flying, repel missiles, extremely resistant to hostile
enchantments, fairly stealthy
A: big wings, mutation resistance 1, negative energy resistance 1, electricity
resistance, unbreathing, petrification resistance, rot immunity, AC +13
a: Stop Flying, Renounce Religion


You were on level 1 of the Snake Pit.
You worshipped Vehumet.
Vehumet was exalted by your worship.
You were not hungry.

You visited 6 branches of the dungeon, and saw 32 of its levels.
You visited 1 bazaar.
You also visited: Ossuary.

You collected 3042 gold pieces.
You spent 1002 gold pieces at shops.

Inventory:

Hand Weapons
 g - a +5 mace of holy wrath
 D - a +3 hunting sling of flaming
 E - a +0 blowgun
 U - a +5 flail of crushing (weapon)
Missiles
 d - a tomahawk of returning (quivered)
 p - 92 poisoned needles
 F - 97 sling bullets
Armour
 b - a +2 helmet (worn)
 e - a +0 pair of boots (worn)
 z - a +2 robe of magic resistance (worn)
 B - a +2 cloak (worn)
 H - a +0 robe of the Archmagi
 J - a +2 pair of gloves (worn)
 O - a +2 robe of fire resistance
 Y - a +2 buckler (worn)
Magical Staves
 r - an uncursed staff of wizardry
Jewellery
 t - an uncursed ring of positive energy
 y - an uncursed ring of magical power
 A - a ring of see invisible (right hand)
 I - the ring of Eschaeh (left hand) {MR+ Int+3 Stlth+}
   (You found it on level 8 of the Dungeon)

   [ring of stealth]

   It affects your intelligence (+3).
   It affects your resistance to hostile enchantments.
   It makes you more stealthy.
 P - a +5 amulet of reflection
 S - a +3 amulet of reflection (around neck)
Wands
 v - a wand of flame (5/48)
 x - a wand of lightning (8/15)
 K - a wand of heal wounds (4/9)
 Z - a wand of acid (1/15)
Scrolls
 h - 4 scrolls of fog
 i - 5 scrolls of teleportation
 l - 3 scrolls of identify
 m - 4 scrolls of magic mapping
 n - 5 scrolls of fear
 G - 2 scrolls of recharging {unknown}
 W - 7 scrolls of remove curse
Potions
 a - 3 potions of cancellation
 c - a potion of magic {unknown}
 f - 3 potions of invisibility
 k - a potion of might
 w - 12 potions of curing
 L - a potion of heal wounds
 N - 3 potions of haste
Books
 q - Xickaurieqa's Handbook of Bewitchment
   (You found it on level 1 of the Snake Pit)

   Spells                             Type                      Level
   a - Tukima's Dance                 Hexes                        3
   b - Fulminant Prism                Conjuration/Hexes            4
   c - Yara's Violent Unravelling     Hexes/Transmutation          5
   d - Discord                        Hexes                        8
 u - a book of Clouds

   Spells                             Type                      Level
   a - Mephitic Cloud                 Conjuration/Poison/Air       3
   b - Conjure Flame                  Conjuration/Fire             3
   c - Poisonous Cloud                Conjuration/Poison/Air       6
   d - Freezing Cloud                 Conjuration/Ice/Air          6
   e - Ring of Flames                 Charms/Fire                  7
Miscellaneous
 j - a plain deck of wonders
 s - a fan of gales (inert)
 C - a lamp of fire
 V - a phial of floods
Comestibles
 o - 6 bread rations
 M - a meat ration
 Q - 2 chunks of flesh


   Skills:
 + Level 12.0 Fighting
   Level 0.1 Short Blades
 + Level 11.9 Armour
 + Level 10.1 Dodging
 - Level 2.5 Stealth
 + Level 8.1 Shields
 + Level 12.4 Spellcasting
 + Level 12.8 Conjurations
   Level 0.7 Transmutations
 + Level 10.9 Fire Magic
 + Level 14.5 Earth Magic
 + Level 10.3 Evocations


You had 2 spell levels left.
You knew the following spells:

 Your Spells              Type           Power        Failure   Level  Hunger
a - Sandblast             Erth           ######       0%          1    None
b - Stone Arrow           Conj/Erth      ######       1%          3    None
c - Sting                 Conj/Pois      ####         1%          1    None
d - Lee's Rapid Deconstr  Erth           #######...   1%          5    ###....
e - Bolt of Fire          Conj/Fire      ######....   1%          6    #####..
f - Call Imp              Summ           ###.....     6%          2    None
g - Iron Shot             Conj/Erth      ######....   1%          6    #####..
h - Fireball              Conj/Fire      ######....   1%          5    ###....
i - Bolt of Magma         Conj/Fire/Erth ######....   1%          5    ###....
j - Repel Missiles        Chrm/Air       ###...       6%          2    None
k - Mephitic Cloud        Conj/Pois/Air  #####...     1%          3    None


Dungeon Overview and Level Annotations

Branches:
Dungeon (14/15)            Temple (1/1) D:7            Lair (8/8) D:8
 Shoals (4/4) Lair:4        Snake (3/4) Lair:4        Slime (0/6) Lair:7
    Orc (2/2) D:11            Elf (0/3) Orc:2
 Vaults: D:13-14

Altars:
Ashenzari
Cheibriados
Fedhas
Gozag
Kikubaaqudgha
Makhleb
Nemelex Xobeh
Okawaru
Pakellas
Qazlal
Ru
Sif Muna
Vehumet
Xom
Yredelemnul
Zin
The Shining One
Jiyva

Shops:
D:9 *   D:10 [   D:11 =   D:14 *   Shoals:3 =   Shoals:4 =

Portals:
Trove: D:13 (give horn of Geryon)

Annotations:
D:4 George's ghost, amateur MiFi
D:14 namelastname112's ghost, journeyman DrBe
Shoals:4 Mara; Uhlv's ghost, adept MiFi
Snake:3 Agnes
Orc:2 Saint Roka


Innate Abilities, Weirdness & Mutations

You are resistant to torment.
Your stone body is resilient (AC +13).
You are immune to poison.
Your large and strong wings let you fly indefinitely.
You resist negative energy.
You are resistant to electric shocks.
You can survive without breathing.
You are immune to petrification.
You are immune to rotting.
You are somewhat resistant to further mutation.


Message History

The mana viper bites you!
* * * LOW HITPOINT WARNING * * *
You feel your power leaking away. You block the mana viper's attack.
The black mamba hisses angrily.
You barely miss the black mamba. The black mamba closely misses you.
The black mamba bites you but does no damage.
The mana viper bites you.
* * * LOW HITPOINT WARNING * * *
You feel your power leaking away. The black mamba closely misses you.
The mana viper closely misses you. The black mamba bites you.
* * * LOW HITPOINT WARNING * * *
You block the mana viper's attack.
Read which item? (? for menu, Esc to quit)
As you read the scroll of teleportation, it crumbles to dust.
You feel strangely unstable.
The black mamba bites you but does no damage.
You block the mana viper's attack. The black mamba bites you!
You die...

.........## #.......##
..........# #........##
#.......(.#### ##.........#
#............######.........[##
#......(......................##
#......((............N.........##
.)###...)..................#....#
.## ##.).........S.........###>.#
..# #.))......S@..........####..
..####..........#...........####.
.....##..........###.........# ##
......##(.....)..# #.........####
.......#(.......## #............#
..##.....).....#####.............
.####............................
## ##......................#####
##..................).## ##


You could see a naga ritualist, a mana viper and a black mamba.

Vanquished Creatures
  Norris (Lair:4)
  Jorgrun (Snake:2)
  Rupert (D:14)
  Gastronok (D:9)
  Kirke (D:12)
  A greater naga (Snake:2)
  Maud (Lair:2)
  Nessos (D:13)
  Azrael (D:12)
  The ghost of Xenophilius the Grappler, a journeyman TrFi of Okawaru (Lair:3)
  Snorg (D:12)
  2 merfolk javelineers
  The ghost of dvd the Nimble, a journeyman MfTm of Qazlal (Lair:1)
  2 merfolk impalers (Shoals:3)
  The ghost of namelastname112 the Carver, a journeyman DrBe of Trog (D:11)
  A fire dragon (Lair:8)
  10 hydras
  3 naga warriors
  An ice dragon (Lair:7)
  A catoblepas (Lair:6)
  4 anacondas
  A merfolk avatar (Shoals:3)
  Erica (Lair:2)
  A queen ant (Lair:2)
  4 merfolk aquamancers
  An alligator snapping turtle (Shoals:3)
  A satyr (Shoals:3)
  10 death yaks
  Urug (Lair:2)
  7 naga sharpshooters
  4 shock serpents
  Nergalle (Lair:3)
  An unseen horror (D:12)
  A fire crab (Lair:7)
  14 sea snakes
  3 hill giants
  4 naga ritualists
  A necromancer (D:14)
  13 harpies (Shoals:3)
  A lindwurm (Lair:5)
  9 mana vipers
  5 ugly things
  2 orc knights
  2 salamanders
  15 fauns
  4 orc sorcerers
  A deep elf mage (D:14)
  A wizard (D:14)
  8 griffons
  2 oklob plants (Lair:8)
  5 manticores
  2 hornets (Lair:8)
  A wolf spider (Lair:8)
  Maurice (D:10)
  2 cyclopes (Shoals:3)
  44 black mambas
  14 elephants
  3 centaur zombies
  3 naga magi
  3 water nymphs
  A guardian serpent (Lair:8)
  2 molten gargoyles (Lair:4)
  Psyche (D:8)
  23 spiny frogs
  A gargoyle (D:13)
  11 sirens
  8 komodo dragons
  2 kobold demonologists
  5 rime drakes
  2 trolls
  26 merfolk
  A two-headed ogre (D:14)
  A boulder beetle (Lair:6)
  Grinder (D:5)
  30 blink frogs
  2 slime creatures
  2 wind drakes
  11 snapping turtles
  A spriggan (D:10)
  18 water elementals
  14 wyverns
  A fire elemental (D:12)
  3 hogs (D:12)
  12 humans
  89 yaks
  8 vampire mosquitoes
  10 basilisks
  A hungry ghost (D:12)
  21 hippogriffs
  6 steam dragons
  19 nagas
  5 soldier ants (Lair:3)
  3 mottled dragons
  A warg (Orc:1)
  3 hell hounds
  22 water moccasins
  13 porcupines
  5 swamp drakes
  33 orc warriors
  4 black bears
  5 ice beasts
  A sky beast (D:13)
  4 wasps
  2 eyes of draining (D:12)
  3 necrophages
  A phantom (D:7)
  17 ogres
  21 wolves
  5 centaurs
  14 crocodiles
  5 big kobolds
  2 elf zombies (Ossuary)
  24 giant frogs
  8 scorpions
  11 killer bees
  3 howler monkeys (D:9)
  12 wights
  2 electric eels
  7 crimson imps
  A giant frog zombie (D:12)
  A wasp zombie (D:13)
  5 lava snakes (Lair:4)
  A quasit (D:11)
  20 orc priests
  Crazy Yiuf (D:5)
  5 centaur skeletons
  4 giant frog skeletons
  7 hounds
  11 jellies
  22 worker ants
  Terence (D:3)
  17 iguanas
  21 orc wizards
  11 hell rats (Lair:7)
  2 killer bee zombies
  28 sheep
  2 big kobold zombies (Ossuary)
  2 hound zombies
  5 hound skeletons
  4 mummies (Ossuary)
  3 worker ant zombies
  Robin (D:3)
  23 adders
  6 gnolls
  76 river rats
  4 shadow imps
  3 white imps (Lair:7)
  2 oozes
  3 adder skeletons
  2 worms
  2 dart slugs (D:1)
  10 giant geckos
  76 orcs
  6 giant cockroaches
  17 goblins
  7 hobgoblins
  20 jackals
  20 kobolds
  5 quokkas
  2 ball pythons
  16 bats
  6 giant newts
  A goblin zombie (Ossuary)
  3 hobgoblin zombies (Ossuary)
  A kobold zombie (Ossuary)
  An orc zombie (Ossuary)
  2 quokka skeletons
  32 rats
  A rat zombie (Ossuary)
  6 plants
  A tentacle (Shoals:3)
1332 creatures vanquished.

Vanquished Creatures (collateral kills)
  An anaconda (Snake:3)
1 creature vanquished.

Vanquished Creatures (others)
  An orc warlord (D:11)
  2 naga sharpshooters
  4 fauns
  A troll (D:10)
  A merfolk (Shoals:2)
  A fire elemental (D:11)
  An orc warrior (D:10)
  An ogre (D:11)
  A centaur (D:14)
  A hound (D:10)
  3 worker ants (D:10)
  4 gnolls (D:11)
  An adder (D:10)
  19 fungi
  58 plants
  25 tentacles (Shoals:3)
  735 tentacle segments (Shoals:3)
859 creatures vanquished.

Grand Total: 2192 creatures vanquished

Notes
Turn   | Place    | Note
--------------------------------------------------------------
     0 | D:1      | mrath the Gargoyle Earth Elementalist began the quest for the Orb.
     0 | D:1      | Reached XP level 1. HP: 10/10 MP: 3/3
   345 | D:1      | Reached XP level 2. HP: 15/15 MP: 3/5
   812 | D:1      | Reached skill level 4 in Earth Magic
  1232 | D:1      | Reached XP level 3. HP: 19/19 MP: 0/6
  1331 | D:1      | Learned a level 3 spell: Stone Arrow
  1953 | D:2      | Found a blossoming altar of Fedhas.
  2086 | D:2      | Reached XP level 4. HP: 24/24 MP: 8/8
  2527 | D:3      | Found a radiant altar of Vehumet.
  2527 | D:3      | Noticed Terence
  2706 | D:3      | Became a worshipper of Vehumet
  2873 | D:3      | Killed Terence
  2873 | D:3      | Reached XP level 5. HP: 27/28 MP: 2/9
  3325 | D:3      | Noticed Robin
  3411 | D:3      | Killed Robin
  3428 | D:2      | Reached skill level 1 in Conjurations
  3428 | D:2      | Reached skill level 5 in Earth Magic
  3848 | D:3      | Found a stormy altar of Qazlal.
  4220 | D:4      | Noticed an ogre
  4225 | D:4      | Noticed George's ghost (amateur MiFi)
  4326 | D:4      | Reached XP level 6. HP: 17/32 MP: 6/11
  4565 | D:4      | Found an ancient bone altar of Kikubaaqudgha.
  5207 | D:4      | Reached * piety under Vehumet
  5207 | D:4      | Offered knowledge of Sting by Vehumet.
  5210 | D:4      | Learned a level 1 spell: Sting
  5216 | D:4      | Learned a level 5 spell: Lee's Rapid Deconstruction
  5476 | D:4      | Reached XP level 7. HP: 15/36 MP: 10/14
  5814 | D:4      | Reached skill level 5 in Spellcasting
  5948 | D:4      | Reached skill level 6 in Earth Magic
  6294 | D:3      | Upgraded the game from 0.18-a0-1666-g3ea6f2b to 0.18-a0-1670-gb40d73e
  6379 | D:5      | Entered Level 5 of the Dungeon
  6511 | D:5      | Noticed Grinder
  6521 | D:5      | Killed Grinder
  6521 | D:5      | Reached XP level 8. HP: 40/41 MP: 0/17
  7105 | D:5      | Noticed Crazy Yiuf
  7111 | D:5      | Killed Crazy Yiuf
  7338 | D:6      | Found an opulent altar of Gozag.
  7341 | D:6      | Reached skill level 7 in Earth Magic
  7446 | D:6      | Reached skill level 1 in Fighting
  7498 | D:6      | Reached skill level 1 in Evocations
  7545 | D:6      | Reached skill level 1 in Armour
  7677 | D:6      | Reached skill level 5 in Conjurations
  7840 | D:6      | Offered knowledge of Freeze by Vehumet.
  8085 | D:6      | Found a shimmering altar of Xom.
  8089 | D:6      | Reached ** piety under Vehumet
  8245 | D:6      | Reached XP level 9. HP: 48/48 MP: 16/19
  8813 | D:7      | Got a spiked leather armour
  8828 | D:7      | Found a staircase to the Ecumenical Temple.
  8906 | D:7      | Found a sand-covered staircase.
  8918 | Ossuary  | Entered an ossuary
  9095 | Ossuary  | Offered knowledge of Static Discharge by Vehumet.
  9504 | Temple   | Entered the Ecumenical Temple
  9588 | D:7      | Found a sparkling altar of Nemelex Xobeh.
  9588 | D:7      | Found a snail-covered altar of Cheibriados.
 10031 | D:7      | Found a shattered altar of Ashenzari.
 10041 | D:7      | Found a deep blue altar of Sif Muna.
 10185 | D:8      | Got a slimy tin ring
 10222 | D:8      | Reached *** piety under Vehumet
 10222 | D:8      | Reached skill level 8 in Earth Magic
 10330 | D:8      | Got a bound lead ring
 10555 | D:8      | Noticed Psyche
 10560 | D:8      | Killed Psyche
 10560 | D:8      | Reached XP level 10. HP: 51/56 MP: 17/21
 10994 | D:8      | Offered knowledge of Olgreb's Toxic Radiance by Vehumet.
 11022 | D:8      | Found a staircase to the Lair.
 11225 | Lair:1   | Entered Level 1 of the Lair of Beasts
 11225 | Lair:1   | Noticed dvd's ghost (journeyman MfTm)
 11449 | D:8      | Identified the ring of Esut {*Tele +Fly rPois Dex+4} (You found it on level 8 of the Dungeon)
 11451 | D:8      | Identified the ring of Eschaeh {MR+ Int+3 Stlth+} (You found it on level 8 of the Dungeon)
 11459 | D:8      | Learned a level 6 spell: Bolt of Fire
 11947 | D:9      | Found Zin's Purification Station.
 11950 | D:9      | Found a glowing silver altar of Zin.
 12516 | D:9      | Noticed Gastronok
 12608 | D:9      | Reached skill level 1 in Fire Magic
 13951 | D:9      | Reached **** piety under Vehumet
 14391 | D:9      | Offered knowledge of Airstrike by Vehumet.
 14567 | D:9      | Found a glowing golden altar of the Shining One.
 14607 | D:10     | Entered Level 10 of the Dungeon
 14773 | D:10     | Noticed Maurice
 14782 | D:10     | Killed Maurice
 15023 | D:8      | Reached skill level 5 in Armour
 15523 | Lair:1   | Noticed a spiny frog
 15836 | Lair:1   | Reached XP level 11. HP: 58/62 MP: 8/23
 15846 | Lair:1   | Reached skill level 9 in Earth Magic
 16184 | Lair:1   | Noticed an eight-headed hydra
 16437 | Lair:1   | Noticed a six-headed hydra
 16449 | Lair:1   | Killed a six-headed hydra
 16449 | Lair:1   | Reached skill level 5 in Fighting
 17012 | D:10     | Found Ruwinuxi's Antique Armour Boutique.
 17071 | D:8      | Reached ***** piety under Vehumet
 17117 | Temple   | Identified the +1 leather armour of Yleot {rElec MP+9} (You found it on level 7 of the Dungeon)
 17157 | Temple   | Upgraded the game from 0.18-a0-1670-gb40d73e to 0.18-a0-1677-g2bdad6c
 17184 | Temple   | Learned a level 2 spell: Call Imp
 17235 | Lair:1   | Killed dvd's ghost
 17235 | Lair:1   | Offered knowledge of Bolt of Cold by Vehumet.
 17429 | Lair:1   | Reached skill level 5 in Dodging
 18017 | Lair:1   | Reached skill level 5 in Evocations
 18171 | Lair:1   | Noticed a four-headed hydra
 18184 | Lair:1   | Killed a four-headed hydra
 18205 | Lair:1   | Killed an eight-headed hydra
 18444 | Lair:2   | Reached XP level 12. HP: 69/69 MP: 25/25
 19240 | Lair:2   | Noticed Urug
 19310 | Lair:2   | Killed Urug
 19310 | Lair:2   | Reached skill level 5 in Fire Magic
 19398 | Lair:2   | Reached skill level 10 in Earth Magic
 19624 | Lair:2   | Noticed Erica
 19629 | Lair:2   | Killed Erica
 19832 | Lair:2   | Found a shattered altar of Ashenzari.
 20495 | Lair:3   | Noticed a queen ant
 20525 | Lair:2   | Killed a queen ant
 20679 | Lair:3   | Noticed Xenophilius's ghost (journeyman TrFi)
 20826 | Lair:3   | Noticed Nergalle
 20981 | Lair:3   | Noticed a six-headed hydra
 20990 | Lair:3   | Killed a six-headed hydra
 21138 | Lair:3   | Noticed Maud
 21591 | Lair:3   | Noticed a four-headed hydra
 21677 | Lair:2   | Killed Maud
 22337 | Lair:2   | Reached XP level 13. HP: 68/76 MP: 9/26
 23024 | Lair:3   | Killed Nergalle
 23220 | Lair:3   | Killed Xenophilius's ghost
 23904 | Lair:4   | Offered knowledge of Iron Shot by Vehumet.
 23922 | Lair:3   | Learned a level 6 spell: Iron Shot
 24057 | Lair:4   | Reached skill level 11 in Earth Magic
 24671 | Lair:4   | Found a staircase to the Snake Pit.
 25271 | Lair:4   | Reached skill level 10 in Spellcasting
 27050 | Lair:5   | Gained mutation: Your large and strong wings let you fly indefinitely. [Gargoyle growth]
 27050 | Lair:5   | Reached XP level 14. HP: 84/84 MP: 28/28
 27179 | Lair:5   | Reached skill level 10 in Conjurations
 27717 | Lair:4   | Found a staircase to the Shoals.
 30822 | Lair:7   | Offered knowledge of Fireball by Vehumet.
 30911 | Lair:6   | Learned a level 5 spell: Fireball
 30920 | Lair:7   | Found a staircase to the Slime Pits.
 31189 | Lair:7   | Reached skill level 12 in Earth Magic
 32297 | Lair:7   | Offered knowledge of Bolt of Magma by Vehumet.
 32307 | Lair:7   | Reached XP level 15. HP: 91/91 MP: 21/29
 32553 | Lair:7   | Learned a level 5 spell: Bolt of Magma
 32806 | Lair:2   | Upgraded the game from 0.18-a0-1677-g2bdad6c to 0.18-a0-1683-gf9322e6
 33271 | D:10     | Reached skill level 1 in Shields
 33511 | D:10     | Found a shimmering altar of Xom.
 33697 | D:11     | Found a flickering gateway to a bazaar.
 33706 | Bazaar   | Entered a bazaar
 33713 | Bazaar   | Found Oxtetu's Distillery.
 33726 | Bazaar   | Found Etasoas's Food Shop.
 33752 | Bazaar   | Found Pucoicwu's Book Boutique.
 33752 | Bazaar   | Found Ijisoytu's Jewellery Shop.
 33777 | Bazaar   | Bought a Young Poisoner's Handbook for 360 gold pieces
 33777 | Bazaar   | Bought a book of Cantrips for 180 gold pieces
 33819 | Bazaar   | Bought a beef jerky for 13 gold pieces
 33819 | Bazaar   | Bought a slice of pizza for 13 gold pieces
 33819 | Bazaar   | Bought a beef jerky for 13 gold pieces
 33819 | Bazaar   | Bought a beef jerky for 13 gold pieces
 33819 | Bazaar   | Bought a slice of pizza for 13 gold pieces
 33860 | D:11     | Noticed namelastname112's ghost (journeyman DrBe)
 34041 | D:11     | Killed namelastname112's ghost
 34105 | D:11     | Found a burning altar of Makhleb.
 34408 | D:11     | Found a staircase to the Orcish Mines.
 34846 | D:11     | Offered knowledge of Spellforged Servitor by Vehumet.
 35037 | D:11     | Found Kuibo's Jewellery Boutique.
 35525 | D:12     | Found a viscous altar of Jiyva.
 35741 | D:12     | Noticed Azrael
 36090 | D:12     | Noticed Snorg
 36094 | D:12     | Killed Snorg
 36378 | D:12     | Killed Azrael
 37108 | Lair:8   | Entered Level 8 of the Lair of Beasts
 38452 | Lair:8   | Reached skill level 10 in Fighting
 38897 | Lair:8   | Offered knowledge of Poisonous Cloud by Vehumet.
 40565 | Lair:2   | Learned a level 2 spell: Repel Missiles
 40580 | Lair:2   | Upgraded the game from 0.18-a0-1683-gf9322e6 to 0.18-a0-1685-g4482fe3
 40699 | D:10     | Bought a glowing robe for 19 gold pieces
 40699 | D:10     | Bought an embroidered cloak for 126 gold pieces
 40699 | D:10     | Bought a fine scale mail for 252 gold pieces
 40719 | D:10     | Identified the +1 scale mail of Giefaukh {rF+ Int+3} (You bought it in a shop on level 10 of the Dungeon)
 41119 | D:12     | Reached skill level 10 in Armour
 41269 | D:12     | Noticed Kirke
 41495 | D:11     | Reached XP level 16. HP: 88/97 MP: 18/31
 41696 | Lair:2   | Gained mutation: You are somewhat resistant to further mutation. [potion of beneficial mutation]
 42063 | D:12     | Noticed a sphinx
 42285 | D:13     | Noticed Nessos
 42688 | D:13     | Offered knowledge of Conjure Ball Lightning by Vehumet.
 42783 | D:13     | Killed Nessos
 43257 | D:13     | Found a portal to a secret trove of treasure.
 43949 | D:14     | Noticed namelastname112's ghost (journeyman DrBe)
 44415 | D:14     | Noticed an azure jelly
 44775 | D:14     | Reached skill level 13 in Earth Magic
 44991 | D:14     | Found Piweog's Assorted Antiques.
 45352 | D:14     | Noticed Rupert
 45472 | D:14     | Killed Rupert
 45661 | D:14     | Reached ****** piety under Vehumet
 46066 | D:12     | Killed Kirke
 47107 | Lair:4   | Reached skill level 5 in Shields
 47396 | Orc:1    | Entered Level 1 of the Orcish Mines
 47450 | Orc:1    | You are sucked into a shaft!
 47450 | Orc:2    | Entered Level 2 of the Orcish Mines
 47450 | Orc:2    | Found an iron altar of Okawaru.
 48450 | Orc:2    | Noticed Saint Roka
 49845 | D:11     | Upgraded the game from 0.18-a0-1685-g4482fe3 to 0.18-a0-1692-g516f9e9
 50425 | D:8      | Offered knowledge of Fire Storm by Vehumet.
 50425 | D:8      | Offered knowledge of Shatter by Vehumet.
 50425 | D:8      | Offered knowledge of Tornado by Vehumet.
 50538 | D:9      | Killed Gastronok
 50791 | Orc:2    | HP: 2/98 [Saint Roka/divine providence (16)]
 50804 | Orc:2    | Paralysed by an orc sorcerer for 4 turns
 51436 | Shoals:1 | Entered Level 1 of the Shoals
 53004 | Shoals:2 | HP: 4/99 [water elemental (13)]
 53007 | Shoals:2 | Reached XP level 17. HP: 13/104 MP: 7/32
 53020 | Shoals:2 | HP: 4/104 [snapping turtle (9)]
 53487 | Lair:2   | Learned a level 3 spell: Mephitic Cloud
 54977 | Shoals:3 | Noticed a kraken
 55427 | Shoals:3 | Reached skill level 10 in Fire Magic
 55557 | Shoals:3 | Noticed a kraken
 56716 | Shoals:2 | Upgraded the game from 0.18-a0-1692-g516f9e9 to 0.18-a0-1702-gd20c6a5
 57013 | Shoals:3 | Found Ixuodira's Jewellery Boutique.
 58032 | Shoals:3 | Reached skill level 14 in Earth Magic
 58328 | Shoals:4 | Entered Level 4 of the Shoals
 58328 | Shoals:4 | Noticed Uhlv's ghost (adept MiFi)
 58343 | Shoals:4 | Found Homut's Jewellery Shoppe.
 58942 | Shoals:3 | Upgraded the game from 0.18-a0-1702-gd20c6a5 to 0.18-a0-1805-g8ab820f
 59092 | Shoals:3 | Upgraded the game from 0.18-a0-1805-g8ab820f to 0.19-a0-27-g415f530
 60611 | Shoals:4 | Noticed Mara
 60613 | Shoals:4 | Noticed mrath's illusion
 61242 | Snake:1  | Entered Level 1 of the Snake Pit
 62054 | Lair:4   | Upgraded the game from 0.19-a0-27-g415f530 to 0.19-a0-36-g4a0968a
 62063 | Snake:1  | Reached XP level 18. HP: 109/110 MP: 28/34
 62910 | Snake:1  | Identified Xickaurieqa's Handbook of Bewitchment (You found it on level 1 of the Snake Pit)
 63120 | Snake:1  | Reached skill level 10 in Evocations
 63509 | Snake:2  | Noticed Jorgrun
 63676 | Snake:2  | Killed Jorgrun
 63802 | Snake:2  | Noticed Norris
 63813 | Snake:1  | Paralysed by Norris for 7 turns
 64095 | Lair:4   | Killed Norris
 64095 | Lair:4   | Reached skill level 10 in Dodging
 64585 | Snake:2  | Noticed Agnes
 67007 | Snake:1  | Slain by a black mamba

Vault maps used:
D:1:      lightli_arrival_isolated_outpost, minmay_stone_trees_medium, hex_large
D:2:      fedhas_altar_2
D:3:      grunt_qazlal_sundering, vehumet_crystals, first_bread, uniq_robin,
          uniq_terence
D:4:      kiku_gazebo_pond_becter
D:5:      uniq_crazy_yiuf_cottage, uniq_grinder
D:6:      nicolae_overflow_hidden_temple, serial_bayou_lagoon_a,
          nicolae_gozag_cash_rules_everything_around_me
D:7:      gammafunk_temple_overflow_elements, amethyst_overflow_temple_binary,
          minmay_temple_entry_enclosed_plants, nicolae_ossuary_entry_ruins
D:8:      grunt_lair_entry_orc_guard_hut, uniq_psyche
D:9:      tso_oasis_becter, zin_purify, uniq_gastronok
D:10:     serial_shops, nicolae_shop_stone, hangedman_stone_soup,
          xom_confusion_cloud, uniq_maurice
D:11:     orc_0_dummy, serial_shops, freezing_bzr, shop, basic_altar,
          kennysheep_generic_room_13
D:12:     jiyva_altar_1, uniq_snorg, uniq_kirke, uniq_azrael
D:13:     enter_trove_3, uniq_nessos
D:14:     grunt_vaults_entry_tiered, serial_shops, nicolae_shop_stone,
          minmay_misc_feat_x, uniq_rupert
Temple:   dpeg_three_leaves_temple_9
Lair:1:   lemuel_fruit_tree, grunt_megastairs_4, serial_bayou_shore_b
Lair:2:   basic_altar, st_stairs_12, uniq_erica, uniq_urug
Lair:3:   st_stairs_9, minivault_25, wad_woods_antlair, serial_bayou_shore_a,
          infiniplex_staircase_pool_2, lemuel_fruit_fields, uniq_nergalle,
          uniq_maud
Lair:4:   cheibrodos_magma_flow, elwin_shoals_entry_rooms,
          minmay_snake_entry_guardpost_small, st_stairs_8, ldierk_geyser,
          beast_lair_carwin_1
Lair:5:   guppyfry_lair_drakes
Lair:6:   st_stairs_4, grunt_megastairs_3
Lair:7:   lemuel_ratsnest, minmay_slime_entry_pillars, bobbens_ice_dragon_lair
Lair:8:   hangedman_lair_tendril_chambers, guppyfry_lair_end_dragon,
          disabler_island, serial_bayou_shore_b
Shoals:3: serial_shops, shop, nicolae_shoals_kraken_intersection
Shoals:4: shoals_end_grunt_garden, shoals_ilsuiw_alternative, serial_shops,
          shop, uniq_polyphemus, uniq_mara
Snake:2:  spider_trap, st_stairs_10, nicolae_snake_salamander_stairs,
          uniq_jorgrun, uniq_norris, uniq_agnes
Snake:3:  grunt_megastairs_2
Orc:2:    grunt_orc_cross, okawaru_metal_pillars_1_2, uniq_saint_roka
Bazaar:   bazaar_jpeg_honeycomb
Ossuary:  ossuary_minmay_tomb_2a

Skill      XL: |  1  2  3  4  5  6  7  8  9 10 11 12 13 14 15 16 17 18 |
---------------+-------------------------------------------------------+-----
Earth Magic    | 4 5 6 7 8 9 10 11 12 13 14 | 14.5
Dodging        | 2 3 4 5 6 7 8 9 10 | 10.1
Spellcasting   | 3 4 6 7 8 9 10 11 12 | 12.4
Conjurations   | 1 2 4 5 6 7 8 9 10 11 12 | 12.8
Fighting       | 2 3 4 5 7 8 9 10 11 12 | 12.0
Evocations     | 1 2 4 5 6 7 8 9 10 | 10.3
Armour         | 2 3 5 6 7 8 9 10 11 | 11.9
Fire Magic     | 2 4 6 7 8 9 10 | 10.9
Shields        | 4 5 7 8 |  8.1
Short Blades   | |  0.1
Stealth        | |  2.5
Transmutations | |  0.7

Action                   |  1- 3 |  4- 6 |  7- 9 | 10-12 | 13-15 | 16-18 || total
-------------------------+-------+-------+-------+-------+-------+-------++-------
Melee: Dagger            |    50 |       |       |       |       |       ||    50
       Short sword       |    42 |    11 |       |       |       |       ||    53
       Flail             |       |    73 |    77 |    90 |   274 |    54 ||   568
       Mace              |       |    11 |       |       |       |     4 ||    15
       Quarterstaff      |       |       |    10 |       |       |       ||    10
       Flail             |       |       |       |       |       |   254 ||   254
 Fire: Hunting sling     |       |       |    13 |       |       |       ||    13
       Shortbow          |       |       |       |    15 |       |       ||    15
       Blowgun           |       |       |       |       |       |     4 ||     4
Throw: Tomahawk          |       |       |     1 |     1 |    12 |    46 ||    60
       Javelin           |       |       |       |       |       |     1 ||     1
 Cast: Sandblast         |    58 |    98 |   177 |   108 |    14 |    10 ||   465
       Stone Arrow       |       |       |    45 |   405 |  1054 |   743 ||  2247
       Sting             |       |       |     4 |    96 |   123 |    34 ||   257
       Call Imp          |       |       |       |    10 |     4 |     4 ||    18
       Iron Shot         |       |       |       |       |    85 |   139 ||   224
       Lee's Rapid Decon |       |       |       |       |     3 |    11 ||    14
       Bolt of Fire      |       |       |       |       |     5 |     6 ||    11
       Bolt of Magma     |       |       |       |       |     2 |    11 ||    13
       Fireball          |       |       |       |       |     1 |    13 ||    14
       Repel Missiles    |       |       |       |       |     1 |     3 ||     4
       Stone Arrow       |       |       |       |       |       |   321 ||   321
       Iron Shot         |       |       |       |       |       |    78 ||    78
       Repel Missiles    |       |       |       |       |       |     8 ||     8
       Fireball          |       |       |       |       |       |     7 ||     7
       Mephitic Cloud    |       |       |       |       |       |     1 ||     1
       Lee's Rapid Decon |       |       |       |       |       |    13 ||    13
       Call Imp          |       |       |       |       |       |     1 ||     1
       Bolt of Fire      |       |       |       |       |       |     1 ||     1
 Abil: Fly               |       |       |       |       |     1 |       ||     1
Evoke: Club              |       |       |       |     1 |       |    12 ||    13
       Wand              |       |       |       |       |       |     7 ||     7
       Fan of gales      |       |       |       |       |       |     1 ||     1
  Use: Scroll            |       |       |     9 |     8 |     4 |    23 ||    44
       Potion            |       |       |       |       |     2 |     8 ||    10
       Scroll            |       |       |       |       |       |     3 ||     3
 Stab: Sleeping          |       |     1 |       |       |     1 |       ||     2
       Distracted        |       |       |       |       |       |     1 ||     1
  Eat: Chunk             |     5 |     7 |    15 |    29 |    67 |    50 ||   173
       Beef jerky        |       |     1 |     1 |     1 |     1 |     4 ||     8
       Pizza             |       |     1 |       |       |     5 |       ||     6
       Fruit             |       |       |       |     1 |    14 |     5 ||    20
       Bread ration      |       |       |       |     1 |       |     6 ||     7
       Royal jelly       |       |       |       |       |     1 |     1 ||     2
       Meat ration       |       |       |       |       |       |     2 ||     2
       Chunk             |       |       |       |       |       |    12 ||    12
       Bread ration      |       |       |       |       |       |     7 ||     7
       Beef jerky        |       |       |       |       |       |     1 ||     1
Armor: Robe              |       |       |       |       |       |   280 ||   280
Dodge: Dodged            |       |       |       |       |       |   318 ||   318
       Deflected         |       |       |       |       |       |    22 ||    22
Block: Buckler           |       |       |       |       |       |   324 ||   324
       Reflection        |       |       |       |       |       |    40 ||    40
